 Dungeon Sprint DCSS version 0.17-a0-1646-geb1493d (webtiles) character file.

1658 nuthulu the Grappler (level 8, -4/139 HPs)
             Began as a Troll Berserker on Aug 10, 2015.
             Was an Elder of Trog.
             Slain by a polar bear (5 damage)
             ... in the Dungeon (Sprint II: "The Violet Keep of Menkaure").
             The game lasted 00:03:04 (415 turns).

nuthulu the Grappler (Troll Berserker)               Turns: 415, Time: 00:03:05

Health: -4/139     AC:  5    Str: 39    XL:     8   Next: 68%
Magic:  7/7        EV: 14    Int:  3    God:    Trog [****..]
Gold:   9          SH:  0    Dex: 11    Spells: 0 memorised, 7 levels left

rFire  . . .     SeeInvis +       - Unarmed
rCold  . . .     Clarity  .     a - +0 animal skin
rNeg   . . .     SustAt   +     (no shield)
rPois  +         Gourm    +     (helmet restricted)
rElec  .         Spirit   .     (no cloak)
rCorr  .         Warding  .     (gloves unavailable)
rMut   .         NoTele   +     (boots unavailable)
MR     .....                    (no amulet)
Stlth  ..........               (no ring)
                                d - ring of Totaof {SustAt rPois Str+8 SInv Stlth-}

@: berserking, very quick, not resistant to hostile enchantments, extremely
unstealthy
A: unfitting armour, claws 3, fast metabolism 3, gourmand, regeneration 2,
shaggy fur 1, tough skin 2
a: Burn Spellbooks, Berserk, Trog's Hand, Brothers in Arms, Renounce Religion


You were in the Dungeon.
You worshipped Trog.
Trog was greatly pleased with you.
You were not hungry.

You visited 1 branch You collected 972 gold pieces.
You spent 963 gold pieces at shops.

Inventory:

Armour
 a - a +0 animal skin (worn)
Jewellery
 d - the ring of Totaof (left claw) {SustAt rPois Str+8 SInv Stlth-}
   (You bought it in a shop in the Dungeon)

   [ring of sustain attributes]

   It sustains your strength, intelligence and dexterity.
   It affects your strength (+8).
   It protects you from poison.
   It lets you see invisible.
   It makes you less stealthy.
Scrolls
 h - a scroll of blinking
Potions
 c - a potion of curing
 f - 2 potions of magic
 g - a potion of berserk rage
Miscellaneous
 e - a legendary deck of summoning {drawn: 2}
Comestibles
 b - a bread ration


   Skills:
 + Level 9.8 Fighting
 + Level 9.9 Dodging
 + Level 11.6 Unarmed Combat


You had 7 spell levels left.
You didn't know any spells.

Dungeon Overview and Level Annotations

Branches:
Dungeon (1/1)

Altars:
Cheibriados
Dithmenos
Elyvilon
Fedhas
Gozag
Kikubaaqudgha
Makhleb
Nemelex Xobeh
Okawaru
Qazlal
Ru
Sif Muna
Trog
Vehumet
Xom
Yredelemnul
Zin
The Shining One
Beogh
Jiyva
Lugonu

Shops:
D :=[!(=?%[%!}:?:(

Annotations:
D exclusions: ice statue and oklob plant


Innate Abilities, Weirdness & Mutations

You are too large for most types of armour.
You have claws for hands.
Your metabolism is lightning-fast.
You like to eat raw meat.
You heal very quickly.
You are covered in fur (AC +1).
You have very tough skin (AC +2).


Message History

Drink which item? (? for menu, Esc to quit)
You feel much better. The yaktaur hits you! The polar bear bites you!
* * * LOW HITPOINT WARNING * * *
The polar bear claws you.
* * * LOW HITPOINT WARNING * * *
The polar bear claws you.
* * * LOW HITPOINT WARNING * * *
Use which ability? (? or * to list)
A red film seems to cover your vision as you go berserk!
You feel yourself moving faster!
You feel mighty!
You feel somewhat more hungry. The polar bear misses you.
The polar bear claws you.
* * * LOW HITPOINT WARNING * * *
The polar bear claws you but does no damage.
The yaktaur hits you.
* * * LOW HITPOINT WARNING * * *
The polar bear bites you!
* * * LOW HITPOINT WARNING * * *
The polar bear barely misses you. The polar bear claws you.
You die... ##.# ... ...# #.####..## #..# .# ???(!

'###.##..# +..# .#▓!??$)
.##...#..# #..# .#▓[($???
<)'.#.'..####..##.#▓()=!)(
.##...#....###...##▓▓▓▓▓▓▓
'###.##......≈≈≈≈≈≈≈≈≈≈≈≈≈
######≈≈....§§#h########+#
#†.#≈≈§≈≈§≈§§≈#c@......#§§
..##≈≈≈≈≈≈§≈.§#._.⌠....#≈§
+##≈≈≈≈≈≈§≈≈≈≈#_._._...#t§
≈≈≈≈≈≈≈§≈≈§§≈≈#._._._..#≈≈
#+++#≈≈≈≈§§§≈≈#_._._._.#§§
≈§§ ##§≈≈###§§#._._._._#§≈
≈§≈§§##§≈# #≈§#.._._._.#§≈
8≈§≈§≈+§≈# #§≈#..._._._#≈≈
§§§≈§##≈≈§§§≈≈##########≈§


You could see a polar bear (berserk) and a yaktaur.

Vanquished Creatures
  A siren (D)
  2 hippogriffs (D)
  Menkaure (D)
  A wasp (D)
  4 necrophages (D)
  A crocodile (D)
  4 brain worms (D)
14 creatures vanquished.

Vanquished Creatures (collateral kills)
  2 polar bears (D)
2 creatures vanquished.

Vanquished Creatures (others)
  A crocodile (D)
1 creature vanquished.

Grand Total: 17 creatures vanquished

Notes
Turn   | Place    | Note
--------------------------------------------------------------
     0 | D        | nuthulu the Troll Berserker began the quest for the Orb.
     0 | D        | Reached XP level 1. HP: 22/22 MP: 0/0
     1 | D        | Noticed a necrophage
     1 | D        | Noticed a necrophage
     1 | D        | Noticed a necrophage
     1 | D        | Noticed a necrophage
     6 | D        | Killed a crocodile
     7 | D        | Killed a necrophage
     7 | D        | Reached skill level 4 in Fighting
     7 | D        | Reached skill level 5 in Unarmed Combat
     7 | D        | Reached XP level 2. HP: 33/33 MP: 1/1
     7 | D        | Reached XP level 3. HP: 40/40 MP: 2/2
     7 | D        | Reached XP level 4. HP: 49/49 MP: 3/3
    10 | D        | Killed a necrophage
    10 | D        | Reached skill level 5 in Fighting
    10 | D        | Reached skill level 5 in Dodging
    10 | D        | Reached skill level 7 in Unarmed Combat
    10 | D        | Reached XP level 5. HP: 59/59 MP: 4/4
    14 | D        | Killed a necrophage
    18 | D        | Killed a necrophage
    18 | D        | Reached skill level 8 in Unarmed Combat
    18 | D        | Reached XP level 6. HP: 59/68 MP: 5/5
    27 | D        | Noticed a siren
    27 | D        | Noticed Menkaure
    35 | D        | HP: 3/68 [siren/spear (18)]
    39 | D        | Killed a siren
    39 | D        | Reached skill level 9 in Unarmed Combat
    39 | D        | Reached XP level 7. HP: 3/77 MP: 6/6
    40 | D        | HP: 4/80 [Menkaure (21)]
    42 | D        | Killed Menkaure
    42 | D        | Acquired Trog's second power
    42 | D        | Reached skill level 10 in Unarmed Combat
   193 | D        | Noticed a hippogriff
   193 | D        | Noticed a hippogriff
   198 | D        | Killed a hippogriff
   200 | D        | Killed a hippogriff
   200 | D        | Reached XP level 8. HP: 47/92 MP: 7/7
   272 | D        | Noticed a brain worm
   273 | D        | Lost intelligence.
   277 | D        | Killed a brain worm
   278 | D        | Noticed a brain worm
   279 | D        | Killed a brain worm
   282 | D        | Noticed a brain worm
   282 | D        | Noticed a brain worm
   285 | D        | Killed a brain worm
   285 | D        | Reached skill level 11 in Unarmed Combat
   288 | D        | Killed a brain worm
   305 | D        | Found Esseghig's Book Emporium.
   306 | D        | Found Xugu's Food Shoppe.
   306 | D        | Found Hoatiux's Antique Armour Emporium.
   306 | D        | Found Saall's Antique Weapon Shoppe.
   306 | D        | Found Hesagaz's Food Shoppe.
   306 | D        | Found Vyhuhitz's Gadget Shoppe.
   306 | D        | Found Otuoll's Distillery.
   306 | D        | Found Naph's Magic Scroll Shoppe.
   306 | D        | Found Betuan's Magic Scroll Emporium.
   306 | D        | Found Fuira's Weapon Shoppe.
   306 | D        | Found Hoghusol's Distillery.
   307 | D        | Found Jekkoos's Antique Armour Shoppe.
   307 | D        | Found Keson's Jewellery Emporium.
   308 | D        | Found Eqiocon's Book Shoppe.
   308 | D        | Found Mutemam's Jewellery Emporium.
   308 | D        | Noticed a redback
   309 | D        | Noticed a crocodile
   309 | D        | Noticed a redback
   309 | D        | Noticed an oklob plant
   310 | D        | Found Alof's Book Shoppe.
   314 | D        | Killed a crocodile
   314 | D        | Acquired Trog's third power
   319 | D        | Noticed a griffon
   323 | D        | Noticed a griffon
   323 | D        | Noticed a griffon
   335 | D        | Bought the ring of Totaof {SustAt rPois Str+8 SInv Stlth-} for 627 gold pieces
   345 | D        | Bought a legendary deck of summoning for 286 gold pieces
   349 | D        | Bought a potion of heal wounds for 50 gold pieces
   362 | D        | Noticed an ice statue
   372 | D        | Found a white marble altar of Elyvilon.
   372 | D        | Found a corrupted altar of Lugonu.
   373 | D        | Found a basalt altar of Yredelemnul.
   373 | D        | Found a viscous altar of Jiyva.
   373 | D        | Found a blossoming altar of Fedhas.
   374 | D        | Found an iron altar of Okawaru.
   374 | D        | Found a sparkling altar of Nemelex Xobeh.
   374 | D        | Found a snail-covered altar of Cheibriados.
   375 | D        | Found a deep blue altar of Sif Muna.
   375 | D        | Found an opulent altar of Gozag.
   376 | D        | Found an ancient bone altar of Kikubaaqudgha.
   376 | D        | Found a stormy altar of Qazlal.
   377 | D        | Found a shimmering altar of Xom.
   377 | D        | Found a glowing silver altar of Zin.
   378 | D        | Found a shadowy altar of Dithmenos.
   380 | D        | Found a roughly hewn altar of Beogh.
   380 | D        | Found a bloodstained altar of Trog.
   380 | D        | Found a glowing golden altar of the Shining One.
   380 | D        | Noticed a wasp
   380 | D        | Noticed a polar bear
   381 | D        | Noticed a polar bear
   381 | D        | Noticed a polar bear
   381 | D        | Found a sacrificial altar of Ru.
   381 | D        | Found a burning altar of Makhleb.
   381 | D        | Found a radiant altar of Vehumet.
   381 | D        | Noticed a yaktaur
   395 | D        | Noticed a crocodile
   398 | D        | Killed a polar bear
   400 | D        | Killed a polar bear
   409 | D        | Killed a wasp
   415 | D        | HP: 1/139 [polar bear (15)]
   415 | D        | Slain by a polar bear

Vault maps used:
D:        the_violet_keep_of_menkaure

Action                   |  1- 3 |  4- 6 |  7- 9 || total
-------------------------+-------+-------+-------++-------
Melee: Unarmed           |     4 |    17 |    23 ||    44
Invok: Berserk           |     1 |       |     1 ||     2
Evoke: Deck              |       |       |     2 ||     2
  Use: Potion            |       |       |     3 ||     3
  Eat: Bread ration      |       |       |     1 ||     1
